 Dungeon Crawl Stone Soup version 0.27.1-33-g824d729ab1 (webtiles) character file.

Game seed: 4938356696135970374

13624 dianekeaton the Bludgeoner (level 11, -1/151 HPs)
             Began as a Minotaur Berserker on Dec 7, 2021.
             Was an Elder of Trog.
             Slain by a yak (13 damage)
             ... on level 8 of the Dungeon on Dec 8, 2021.
             The game lasted 00:43:46 (9985 turns).

dianekeaton the Bludgeoner (Minotaur Berserker)     Turns: 9985, Time: 00:43:46

Health: -1/151     AC: 10    Str: 21    XL:     11   Next: 78%
Magic:  10/10      EV: 11    Int:  4    God:    Trog [****..]
Gold:   538        SH:  0    Dex: 14    Spells: 10/10 levels left

rFire    . . .     SeeInvis .   a - +3 mace (venom)
rCold    . . .     Faith    .   (no shield)
rNeg     . . .     Spirit   .   e - +2 scale mail
rPois    .         Reflect  .   (helmet restricted)
rElec    .         Harm     .   (no cloak)
rCorr    +         Rampage  .   (no gloves)
Will     +++..                  (no boots)
Stlth    ..........             g - amulet of regeneration
HPRegen  2.35/turn              b - ring of resist corrosion
MPRegen  0.12/turn              f - ring of willpower

@: berserking, strong-willed, regenerating, hasted and slowed, studying Short
Blades
A: horns 2, retaliatory headbutt
a: Renounce Religion, Berserk, Trog's Hand, Brothers in Arms


You were on level 8 of the Dungeon.
You worshipped Trog.
Trog was greatly pleased with you.
You visited 2 branches of the dungeon, and saw 11 of its levels.

You collected 538 gold pieces.

Inventory:

Hand Weapons
 a - a +3 mace of venom (weapon)
 k - a +6 short sword of venom
 m - a +4 quarterstaff of chaos
 n - a +3 battleaxe
 s - a +4 spectral quarterstaff
 w - a +3 flail
 y - a +5 halberd of freezing
 B - a +3 vorpal hunting sling
Armour
 e - a +2 scale mail (worn)
 t - a +2 leather armour of cold resistance
Jewellery
 b - a ring of resist corrosion (left hand)
 f - a ring of willpower (right hand)
 g - an amulet of regeneration (around neck)
 p - an amulet of reflection
 q - a +6 ring of intelligence
 x - a ring of positive energy
Wands
 c - a wand of flame (10)
 v - a wand of charming (9)
Scrolls
 h - a scroll of noise
 j - 2 scrolls of magic mapping
 l - 3 scrolls of identify
 r - a scroll of immolation
 z - 2 scrolls of amnesia
Potions
 d - 2 potions of brilliance
 i - a potion of ambrosia
 o - 2 potions of magic
 u - 2 potions of haste
 D - 2 potions of resistance


   Skills:
 * Level 10.5 Fighting
 + Level 17.0 Maces & Flails
 + Level 3.6 Throwing
 + Level 8.4 Armour
 + Level 4.3 Dodging
 - Level 0.5 Stealth


You had 10 spell levels left.
You didn't know any spells.
Your spell library was empty.

Dungeon Overview and Level Annotations

Branches:
Dungeon (9/15)             Temple (0/1) D:7            Lair (2/6) D:8
  Swamp: Lair:2-4    Shoals: Lair:2-4     Snake: Lair:2-4    Spider: Lair:2-4
    Orc: D:9-12

Altars:
Ashenzari
Elyvilon
Gozag
Hepliaklqana
Makhleb
Nemelex Xobeh
Sif Muna
Xom

Annotations:
D:5 1 runed translucent door, reversiblehash's ghost, novice DsFi


Innate Abilities, Weirdness & Mutations

You have a pair of horns on your head.
You reflexively headbutt those who attack you in melee.


Message History

The curare-tipped dart hits you.
You are more poisoned.
You have difficulty breathing.
* * * LOW HITPOINT WARNING * * *
You feel as though you will be slow longer.
The yak gores you.
* * * LOW HITPOINT WARNING * * *
You feel very sick.
The kobold brigand throws a curare-tipped dart.
The curare-tipped dart barely misses you.
You feel very sick. The yak gores you but does no damage.
You feel very sick.
The kobold brigand hits you with a +0 short sword.
* * * LOW HITPOINT WARNING * * *
The kobold brigand hits you with a +0 short sword!
* * * LOW HITPOINT WARNING * * *
You feel yourself speed up.
You feel sick. The yak gores you but does no damage.
The kobold brigand hits you with a +0 short sword.
* * * LOW HITPOINT WARNING * * *
The yak barely misses you.
You feel sick.
You feel sick. The yak closely misses you. You furiously retaliate!
You headbutt the yak!
There is a stone staircase leading up here.
You feel sick. The kobold brigand barely misses you.
The yak gores you but does no damage.
You climb upwards.
You feel sick.
You are no longer poisoned.
There is a stone staircase leading down here.
Your skin crawls.
You feel strong-willed.
The kobold brigand hits you but does no damage.
The yak misses you. You furiously retaliate!
You headbutt the yak, but do no damage.
A red film seems to cover your vision as you go berserk!
You feel yourself moving faster!
You feel mighty! The kobold brigand closely misses you. The yak gores you!
You die...

####'''###.#
##.......#.##### #
##.PPPPP.#.....# #
######.P...P.#.##.##
###....#.P._.P.#.##.#
.......#.......#....#
###....#########.#########
......#####...#K.#.......#
................@#.#####.#
........#.#....#Y#.....#.#
#.......#......######....#
......#...#........##..#.#
..........#..#.###.......#
#.....#.<.'..#.###.#####.#
....#.....##.#.#.........#
##..#..........#.#########
##.###.###.....#.#


You could see a yak and a kobold brigand.

Vanquished Creatures
  Erica (Lair:1)
  A two-headed ogre (D:8)
  A centaur warrior (D:8)
  A deep elf pyromancer (D:8)
  A manticore (D:8)
  Joseph (D:8)
  A komodo dragon (Lair:2)
  5 cane toads
  A troll (D:9)
  A polar bear (Lair:1)
  4 blink frogs (Lair:2)
  Prince Ribbit (D:6)
  A wraith (D:8)
  7 yaks
  2 vampire mosquitoes (D:8)
  6 water moccasins
  3 ice beasts
  3 orc warriors
  A sky beast (D:6)
  5 black bears
  3 ogres (D:6)
  2 necrophages
  5 wolves (Lair:2)
  3 centaurs (D:8)
  2 phantoms
  Blork the orc (D:6)
  2 kobold brigands
  12 bullfrogs
  A wyvern zombie (D:8)
  3 scorpions
  2 water moccasin zombies (D:5)
  A water moccasin skeleton (D:5)
  4 killer bees
  6 wights
  2 howler monkeys (D:7)
  A centaur skeleton (D:5)
  Crazy Yiuf (D:6)
  5 orc priests
  3 gnoll shamans
  A bullfrog skeleton (D:5)
  9 orc wizards
  A killer bee zombie (D:8)
  A howler monkey zombie (D:7)
  7 gnolls
  4 adders
  2 shadow imps
  An ufetubus (D:6)
  2 adder skeletons (D:4)
  2 dart slugs
  30 orcs
  8 endoplasms
  3 giant cockroaches
  6 goblins
  6 hobgoblins
  10 jackals
  7 quokkas
  3 ball pythons
  3 bats
  4 frilled lizards
  15 kobolds
  5 rats
236 creatures vanquished.

Vanquished Creatures (collateral kills)
  A hydra (D:8)
  A basilisk (Lair:1)
  3 yaks (Lair:1)
  A howler monkey (D:8)
6 creatures vanquished.

Vanquished Creatures (others)
  5 fungi
  6 plants
11 creatures vanquished.

Grand Total: 253 creatures vanquished

Notes
Turn   | Place    | Note
-------+----------+-------------------------------------------
     0 | D:1      | dianekeaton the Minotaur Berserker began the quest for the
                  | Orb.
     0 | D:1      | Reached XP level 1. HP: 19/19 MP: 0/0
   182 | D:1      | Reached skill level 4 in Maces & Flails
   238 | D:1      | Reached XP level 2. HP: 15/26 MP: 1/1
  1203 | D:2      | Found a faded altar of an unknown god.
  1418 | D:2      | Reached skill level 5 in Maces & Flails
  1426 | D:2      | Reached ** piety under Trog
  1497 | D:2      | Reached XP level 3. HP: 25/31 MP: 2/2
  1827 | D:3      | Reached XP level 4. HP: 39/39 MP: 3/3
  1829 | D:3      | Reached skill level 6 in Maces & Flails
  1920 | D:3      | Found a broken altar of Ashenzari.
  2506 | D:4      | Noticed a scorpion
  2515 | D:4      | Killed a scorpion
  2515 | D:4      | Reached *** piety under Trog
  2516 | D:4      | Reached skill level 7 in Maces & Flails
  2516 | D:4      | Reached XP level 5. HP: 36/45 MP: 4/4
  2775 | D:4      | Reached skill level 8 in Maces & Flails
  2976 | D:4      | Reached XP level 6. HP: 39/51 MP: 5/5
  3104 | D:5      | Entered Level 5 of the Dungeon
  3112 | D:5      | Reached skill level 9 in Maces & Flails
  3152 | D:5      | Noticed an ice beast
  3372 | D:5      | Reached XP level 7. HP: 57/57 MP: 6/6
  3411 | D:5      | You fall into a shaft and drop 1 floor!
  3411 | D:6      | Found a white marble altar of Elyvilon.
  3431 | D:6      | Reached skill level 10 in Maces & Flails
  3448 | D:6      | Reached skill level 11 in Maces & Flails
  3606 | D:6      | Found a runed translucent door.
  3608 | D:6      | Noticed Crazy Yiuf
  3706 | D:6      | Reached XP level 8. HP: 40/64 MP: 7/7
  3714 | D:6      | Reached skill level 1 in Throwing
  3910 | D:6      | Noticed Blork the orc
  3922 | D:6      | Killed Blork the orc
  3923 | D:6      | Reached skill level 12 in Maces & Flails
  4054 | D:6      | Noticed Prince Ribbit
  4062 | D:6      | Killed Prince Ribbit
  4092 | D:6      | HP: 3/64 [water moccasin (6)]
  4101 | D:6      | Reached skill level 13 in Maces & Flails
  4315 | D:6      | Reached XP level 9. HP: 70/70 MP: 8/8
  4531 | D:6      | Killed Crazy Yiuf
  5053 | D:7      | Found an opulent altar of Gozag.
  5181 | D:7      | Reached skill level 14 in Maces & Flails
  5204 | D:7      | Found a sparkling altar of Nemelex Xobeh.
  5272 | D:7      | Found a staircase to the Ecumenical Temple.
  5311 | D:7      | Found a shimmering altar of Xom.
  5311 | D:7      | Found a shimmering altar of Xom.
  5328 | D:7      | Found a shimmering altar of Xom.
  5328 | D:7      | Found a shimmering altar of Xom.
  5556 | D:8      | Reached **** piety under Trog
  5573 | D:8      | Found a hazy altar of Hepliaklqana.
  5575 | D:8      | Found a burning altar of Makhleb.
  5575 | D:8      | Found a shimmering altar of Xom.
  5575 | D:8      | Found a broken altar of Ashenzari.
  5629 | D:8      | Noticed Joseph
  5652 | D:8      | Killed Joseph
  5653 | D:8      | Reached skill level 15 in Maces & Flails
  5722 | D:8      | Noticed a two-headed ogre
  5729 | D:8      | Killed a two-headed ogre
  5884 | D:8      | Noticed a centaur warrior
  5906 | D:8      | Killed a centaur warrior
  5907 | D:8      | Reached skill level 16 in Maces & Flails
  5907 | D:8      | Reached XP level 10. HP: 77/77 MP: 9/9
  6523 | D:5      | Found a runed translucent door.
  6528 | D:5      | Noticed reversiblehash's ghost (novice DsFi)
  6724 | D:7      | Noticed a water nymph
  6738 | D:7      | Noticed a shining eye
  6738 | D:7      | a water nymph changed into a shining eye
  6757 | D:7      | Noticed a cyclops
  6757 | D:7      | a shining eye changed into a cyclops
  6792 | D:7      | Noticed a cane toad
  6792 | D:7      | a basilisk changed into a cane toad
  6798 | D:7      | Reached skill level 5 in Fighting
  6834 | D:7      | a cane toad changed into a troll
  7047 | D:8      | Found a shimmering blue altar of Sif Muna.
  7094 | D:8      | Identified the -6 pair of boots of Ezoxzi Qiff {Will+}
  7103 | D:8      | Found a staircase to the Lair.
  7434 | D:8      | Noticed a five-headed hydra
  7438 | D:8      | Killed a five-headed hydra
  7438 | D:8      | Noticed a manticore
  7439 | D:8      | Reached skill level 5 in Armour
  7445 | D:8      | Killed a manticore
  7450 | D:8      | Noticed a deep elf pyromancer
  7455 | D:8      | Killed a deep elf pyromancer
  7743 | Lair:1   | Entered Level 1 of the Lair of Beasts
  7816 | Lair:1   | Noticed a cane toad
  7823 | Lair:1   | Killed a cane toad
  7824 | Lair:1   | Reached XP level 11. HP: 87/94 MP: 10/10
  8750 | Lair:1   | Noticed Erica
  8760 | Lair:1   | Killed Erica
  9142 | Lair:2   | Noticed a seven-headed hydra
  9170 | Lair:2   | HP: 7/148 [wolf (6)]
  9175 | Lair:2   | HP: 5/148 [wolf (4)]
  9324 | Lair:2   | Reached skill level 10 in Fighting
  9948 | D:9      | Reached skill level 17 in Maces & Flails
  9979 | D:9      | HP: 4/101 [kobold brigand (5)]
  9985 | D:8      | Slain by a yak

Illustrated notes

Levels and vault maps discovered:
D:1:      scummos_arrival_simple_crosswalls, layout_rooms,
          hangedman_decor_clover_reticule, grunt_decor_fettered,
          lemuel_old_faithful
D:2:      minmay_razor_zed, layout_basic, ebering_ecumenical_altar_petrified
D:3:      layout_basic, cheibrodos_ashenzari_chains, glass_columns_c
D:4:      layout_basic
D:5:      layout_rooms, ebering_ghost_reflecting_pool, corexii_leaking_fountain,
          st_stairs_1
D:6:      layout_loops_cross, elyvilon_altar_5, uniq_prince_ribbit1,
          uniq_blork_the_orc, uniq_crazy_yiuf_cottage
D:7:      layout_basic, nemelex_xobeh_ov_fountains_minmay,
          nicolae_gozag_cash_rules_everything_around_me, xom_shifter_show,
          minmay_temple_entry_tees
D:8:      minmay_the_grid_octo_tiled_squarecenter
          [minmay_the_grid_octo_tetromino_candy, minmay_the_grid_octo_checkered,
          minmay_the_grid_octo_clover_2, minmay_the_grid_octo_shrine,
          minmay_the_grid_square_5x5_megaprize_crossed,
          minmay_the_grid_square_5x5_broken_cross,
          minmay_the_grid_square_5x5_two_small,
          minmay_the_grid_square_5x5_three, minmay_the_grid_square_5x5_percent],
          layout_basic, mainiacjoe_overflow_alcove_4, uniq_joseph
D:9:      layout_cave_pods, ebering_ghost_funeral_grove, onia_ninara_cookie
Lair:1:   layout_cave_pods, uniq_erica
Lair:2:   layout_roguey, serial_bayou_shore_b

Skill      XL: |  1  2  3  4  5  6  7  8  9 10 11 |
---------------+----------------------------------+-----
Maces & Flails | 4 5 7 8 9 11 13 16 17 | 17.0
Throwing       | 1 3 |  3.6
Fighting       | 7 10 | 10.5
Armour         | 5 8 |  8.4
Dodging        | 3 4 |  4.3
Stealth        | |  0.5

Action                   |  1- 3 |  4- 6 |  7- 9 | 10-12 || total
-------------------------+-------+-------+-------+-------++-------
Melee: Mace              |    68 |    99 |   195 |   370 ||   732
       Headbutt          |    13 |    21 |    41 |    80 ||   155
Throw: Javelin           |       |     3 |     6 |    11 ||    20
Invok: Berserk           |     1 |       |     2 |     3 ||     6
       Trog's Hand       |       |     1 |     3 |     4 ||     8
       Brothers in Arms  |       |       |       |     2 ||     2
  Use: Scroll            |     7 |     2 |     5 |     9 ||    23
       Potion            |       |     1 |     3 |     4 ||     8
Armor: Scale mail        |    29 |    39 |    50 |   127 ||   245
       Animal skin       |     1 |       |       |       ||     1
Dodge: Dodged            |    47 |    56 |    87 |   231 ||   421
